 Dungeon Crawl Stone Soup version 0.24-b1-44-g37ad8b309f (webtiles) character file.

Game seed: 8266215427855895824, levelgen mode: deterministic

86 Gildeon the Magician (level 4, -1/30 HPs)
             Began as a Mummy Fire Elementalist on Oct 24, 2019.
             Was an Initiate of Kikubaaqudgha.
             Slain by a worker ant (5 damage)
             ... on level 2 of the Dungeon.
             The game lasted 00:08:54 (2011 turns).

Gildeon the Magician (Mummy Fire Elementalist)      Turns: 2011, Time: 00:08:54

Health: -1/30      AC:  2    Str: 11    XL:     4   Next: 26%
Magic:  1/9        EV: 12    Int: 15    God:    Kikubaaqudgha [......]
Gold:   128        SH:  0    Dex: 12    Spells: 1/10 levels left

rFire    x . .     SeeInvis .   b - +0 club
rCold    + . .     Gourm    .   (no shield)
rNeg     + + +     Faith    .   a - +0 robe
rPois    ∞         Spirit   .   (no helmet)
rElec    .         Reflect  .   (no cloak)
rCorr    .         Harm     .   (no gloves)
MR       .....                  (no boots)
Stlth    ++........             (no amulet)
HPRegen  0.10/turn              (no ring)
MPRegen  0.11/turn              (no ring)

@: very slightly contaminated
A: no food or potions, fire vulnerability, cold resistance 1, negative energy
resistance 3, torment resistance, unbreathing
a: Renounce Religion


You were on level 2 of the Dungeon.
You worshipped Kikubaaqudgha.
Kikubaaqudgha was noncommittal.
You were not hungry.

You visited 1 branch of the dungeon, and saw 2 of its levels.

You collected 128 gold pieces.

Inventory:

Hand Weapons
 b - a +0 club (weapon)
Missiles
 h - 14 poisoned darts (quivered)
Armour
 a - a +0 robe (worn)
Jewellery
 f - a cursed amulet of inaccuracy {unknown}
Scrolls
 c - 2 scrolls of identify {unknown}
 d - 2 scrolls of noise {unknown}
 e - a scroll of remove curse {unknown}
 g - a scroll of teleportation {unknown}


   Skills:
 + Level 2.4 Dodging
 - Level 1.5 Stealth
 + Level 3.9 Spellcasting
 - Level 0.7 Conjurations
 + Level 3.1 Fire Magic


You had one spell level left.
You knew the following spells:

 Your Spells              Type           Power        Failure   Level  Hunger
a - Flame Tongue          Conj/Fire      #....        9%          1    N/A
b - Throw Flame           Conj/Fire      #.....       12%         2    N/A
c - Conjure Flame         Conj/Fire      #.......     24%         3    N/A
d - Inner Flame           Hex/Fire       #.......     28%         3    N/A

Your spell library contained the following spells:

 Spells                   Type           Power        Failure   Level  Hunger
 Sticky Flame             Conj/Fire      #.......     63%         4    N/A
 Fireball                 Conj/Fire      #.........   92%         5    N/A

Dungeon Overview and Level Annotations

Branches:
Dungeon (2/15)

Altars:
Fedhas
Kikubaaqudgha


Innate Abilities, Weirdness & Mutations

You do not eat or drink.
Your flesh is vulnerable to fire.
You are immune to poison.
Your flesh is cold resistant. (rC+)
You are immune to negative energy. (rN+++)
You are immune to unholy pain and torment.
You can survive without breathing.


Message History

You closely miss the worker ant. The worker ant bites you. x2
The worker ant bites you. The worker ant bites you!
* * * LOW HITPOINT WARNING * * *
The worker ant barely misses you.
Casting: Flame Tongue (safe; 9% risk of failure)
Confirm with . or Enter, or press ? or * to list all spells.
Aiming: Flame Tongue (safe; 9% risk of failure)
Press: ? - help, Shift-Dir - straight line, f/p - worker ant
Aim: a worker ant The flame tongue hits the worker ant.
The worker ant is lightly wounded.
The worker ant bites you.
* * * LOW HITPOINT WARNING * * *
The worker ant bites you.
* * * LOW HITPOINT WARNING * * *
The worker ant barely misses you. The worker ant bites you.
You die...
Kikubaaqudgha rasps: "You have failed me!
Welcome... oblivion!"

####....######.#.(.......#.###
#.#..##...#.....#####......
###..P.._P#.#(.## ###.###
####.........#.#(.# ##'##
#PP.......######..# ##...##
#._.P...###.......# ##.....#
#PP.##..# #......## ##.......
#####...#####.#...####........
............a@.......'........
#........####.#...####........
##.......# #.##.## ##.......
#>......# #..### ##.....#
#.......# ##.# ##...##
#.......# #.# ##'## #.......#
#.# #.# #...)...# #.# #.# #.#
##.##


You could see a worker ant.

Vanquished Creatures
  Jessica (D:2)
  2 dart slugs
  A leopard gecko (D:2)
  3 giant cockroaches
  6 goblins (D:1)
  7 hobgoblins
  8 jackals (D:2)
  A quokka (D:2)
  7 bats
  2 frilled lizards (D:1)
  4 kobolds
  8 rats
50 creatures vanquished.

Vanquished Creatures (others)
  A goblin (D:1)
1 creature vanquished.

Grand Total: 51 creatures vanquished

Notes
Turn   | Place    | Note
-------+----------+-------------------------------------------
     0 | D:1      | Gildeon the Mummy Fire Elementalist began the quest for the
                  | Orb.
     0 | D:1      | Reached XP level 1. HP: 13/13 MP: 4/4
   213 | D:1      | Reached XP level 2. HP: 19/19 MP: 4/6
   423 | D:1      | Learned a level 2 spell: Throw Flame
   830 | D:1      | Reached XP level 3. HP: 24/24 MP: 5/7
   835 | D:1      | Learned a level 3 spell: Conjure Flame
  1663 | D:2      | Learned a level 3 spell: Inner Flame
  1665 | D:2      | Noticed Jessica
  1670 | D:2      | Killed Jessica
  1670 | D:2      | Reached XP level 4. HP: 30/30 MP: 5/9
  1924 | D:2      | Found an ancient bone altar of Kikubaaqudgha.
  1926 | D:2      | Found a blossoming altar of Fedhas.
  1943 | D:2      | Became a worshipper of Kikubaaqudgha
  2011 | D:2      | Slain by a worker ant

Skill      XL: |  1  2  3 |
---------------+----------+-----
Spellcasting   | 3 |  3.9
Dodging        | 2 |  2.4
Fire Magic     | 3 |  3.1
Stealth        | |  1.5
Conjurations   | |  0.7

Action                   |  1- 3 |  4- 6 || total
-------------------------+-------+-------++-------
Melee: Unarmed           |     8 |       ||     8
       Club              |    13 |     1 ||    14
 Cast: Flame Tongue      |    72 |    16 ||    88
Armor: Robe              |    17 |     1 ||    18
Dodge: Dodged            |    35 |     9 ||    44
